 Dungeon Crawl Stone Soup version 0.31.0-12-g77e489cdc1 (webtiles) character file.

Game seed: 9586552931757881668

87311 ChadusMaximus the Convoker (level 15, -4/129 HPs)
             Began as a Barachi Summoner on Feb 26, 2024.
             Was a High Priest of Hepliaklqana.
             Slain by a bunyip (51 damage)
             ... on level 1 of the Swamp.
             The game lasted 01:13:58 (29156 turns).

ChadusMaximus the Convoker (Barachi Summoner)      Turns: 29156, Time: 01:13:58

Health: -4/129     AC: 12    Str: 11    XL:     15   Next: 90%
Magic:  18/40      EV: 13    Int: 21    God:    Hepliaklqana [*****.]
Gold:   1559       SH: 17    Dex: 15    Spells: 8/39 levels left

rFire   . . .        V - +5 scimitar of Kucromme {venom, rC+}
rCold   + . .        y - +0 kite shield
rNeg    . . .        p - +1 ring mail "Piuquzxe" {Regen+ rCorr Str+2}
rPois   .            I - +2 hat
rElec   .            a - +0 cloak
rCorr   +            G - +0 pair of gloves
SInv    .            S - +1 pair of boots
Will    ++...        k - amulet of reflection
Stlth   +            M - ring of magical power
HPRegen 1.21/turn    x - ring of wizardry
MPRegen 0.27/turn

%: reflection, wizardry (x1)
@: forested, very slightly contaminated, slow
A: reduced essence, amphibious, slowness 1, strong legs 2, +LOS, strong-willed
1, robust 1, wild magic 1
a: Hop, Renounce Religion, Recall Ancestor, Ancestor Identity, Transference,
Idealise


You were on level 1 of the Swamp.
You worshipped Hepliaklqana.
Hepliaklqana was extremely pleased with you.
You visited 5 branches of the dungeon, and saw 22 of its levels.
You also visited: Ice Cave.

You collected 1559 gold pieces.

Inventory:

Hand Weapons
 V - the +5 scimitar of Kucromme (weapon) {venom, rC+}
   (You found it on level 4 of the Lair of Beasts)

   rC+:       It protects you from cold.
Armour
 a - a +0 cloak (worn)
 p - the +1 ring mail "Piuquzxe" (worn) {Regen+ rCorr Str+2}
   (You found it in an ice cave)

   Str+2:     It affects your strength (+2).
   Regen+:    It increases your rate of health regeneration.
   rCorr:     It protects you from acid and corrosion.
 y - a +0 kite shield (worn)
 E - a +2 robe of cold resistance
 G - a +0 pair of gloves (worn)
 I - a +2 hat (worn)
 S - a +1 pair of boots (worn)
Jewellery
 i - a ring of protection from fire
 k - an amulet of reflection (around neck)
 x - a ring of wizardry (right hand)
 H - an amulet of guardian spirit
 M - a ring of magical power (left hand)
 U - a ring of resist corrosion
Wands
 t - a wand of acid (23)
 w - a wand of iceblast (6)
 B - a wand of paralysis (50)
 J - a wand of flame (37)
 L - a wand of polymorph (13)
 W - a wand of mindburst (5)
Scrolls
 d - 2 scrolls of fog
 e - 5 scrolls of teleportation
 h - a scroll of revelation
 j - a scroll of amnesia
 o - 3 scrolls of fear
 q - a scroll of enchant weapon
 s - 5 scrolls of vulnerability
 u - a scroll of torment
 D - 3 scrolls of silence
 F - 3 scrolls of blinking
 K - a scroll of summoning
 N - 5 scrolls of poison
 O - 6 scrolls of immolation
 P - 6 scrolls of enchant armour
Potions
 b - 3 potions of magic
 c - 3 potions of heal wounds
 g - 4 potions of mutation
 l - a potion of brilliance
 m - 2 potions of attraction
 n - a potion of berserk rage
 r - 4 potions of cancellation
 v - 6 potions of curing
 z - 4 potions of ambrosia
 A - a potion of might {unknown}
 C - 4 potions of enlightenment {unknown}
 R - a potion of haste {unknown}
 X - a potion of invisibility {unknown}
 Y - 3 potions of lignification {unknown}
Miscellaneous
 f - a sack of spiders
 Q - a condenser vane
 Z - a lightning rod (4/4)


   Skills:
 - Level 15.6 Fighting
 - Level 11.1 Dodging
 - Level 1.7 Stealth
 - Level 11.6 Shields
 + Level 12.9 Spellcasting
 + Level 19.1 Summonings


You had 8 spell levels left.
You knew the following spells:

 Your Spells              Type           Power      Damage    Failure   Level
c - Call Canine Familiar  Summ           89%        N/A       1%          3
d - Summon Lightning Spi  Summ/Air       63%        N/A       4%          4
e - Summon Blazeheart Go  Fire/Summ      63%        N/A       4%          4
f - Animate Armour        Summ/Erth      100%       N/A       4%          4
g - Summon Cactus Giant   Summ           44%        N/A       1%          6
h - Summon Forest         Summ/Tloc      31%        N/A       9%          5
i - Summon Mana Viper     Hex/Summ       63%        N/A       9%          5

Your spell library contained the following spells:

 Spells                   Type           Power      Damage    Failure   Level
 Summon Small Mammal      Summ           100%       N/A       1%          1
 Call Imp                 Summ           100%       N/A       1%          2
 Summon Hydra             Summ           44%        N/A       6%          7
 Apportation              Tloc           34%        N/A       16%         1
 Necrotise                Necr           68%        1d7       16%         1
 Shock                    Conj/Air       68%        1d7       16%         1
 Slow                     Hex            68%        N/A       16%         1
 Sting                    Conj/Alch      68%        1d7       16%         1
 Lesser Beckoning         Tloc           34%        N/A       22%         2
 Sublimation of Blood     Necr           17%        N/A       22%         2
 Confusing Touch          Hex            17%        N/A       38%         3
 Gell's Gravitas          Tloc           17%        N/A       38%         3
 Sigil of Binding         Hex            17%        N/A       38%         3
 Teleport Other           Tloc           17%        N/A       38%         3
 Tukima's Dance           Hex            17%        N/A       38%         3
 Vampiric Draining        Necr           17%        2d7       38%         3
 Animate Dead             Necr           17%        N/A       77%         4
 Leda's Liquefaction      Alch/Erth      8%         N/A       77%         4
 Passage of Golubria      Tloc           17%        N/A       77%         4
 Borgnjor's Vile Clutch   Necr/Erth      8%         N/A       97%         5
 Lee's Rapid Deconstruct  Erth           8%         3d7*      97%         5
 Yara's Violent Unravell  Hex/Alch       8%         3d5       97%         5
 Bombard                  Conj/Erth      8%         9d2       100%        6
 Conjure Ball Lightning   Conj/Air       8%         3x3d6     100%        6
 Death Channel            Necr           8%         N/A       100%        6
 Discord                  Hex            8%         N/A       100%        8
 Disjunction              Tloc           8%         N/A       100%        8
 Lehudib's Crystal Spear  Conj/Erth      8%         10d4      100%        8


Dungeon Overview and Level Annotations

Branches:
Dungeon (13/15)            Temple (1/1) D:7            Lair (5/5) D:8
  Swamp (1/4) Lair:3        Snake (0/4) Lair:2        Slime (0/5) Lair:5
    Orc (2/2) D:10         Vaults (0/5) D:13          IceCv (visited)
    Elf: Orc:2

Altars:
Ashenzari
Cheibriados
Dithmenos
Elyvilon
Fedhas
Gozag
Hepliaklqana
Kikubaaqudgha
Makhleb
Nemelex Xobeh
Okawaru
Qazlal
Ru
Sif Muna
Trog
Uskayaw
Vehumet
Wu Jian
Xom
Yredelemnul
Zin
The Shining One
Jiyva
Lugonu

Shops:
D:8 *(   D:9 [

Portals:
Abyss: Lair:5

Annotations:
D:9 1 runed translucent door, Brozuf's ghost, journeyman TrSh
Lair:2 1 runed translucent door, Wuvuatt's ghost, journeyman MiBe


Innate Abilities, Weirdness & Mutations

Your life essence is reduced to manifest your ancestor. (-10% HP)
You are amphibious.
You cover ground slowly.
You can hop long distances.
You have an extended range of vision and can be seen from far away.
You are strong-willed. (Will+)
You are robust. (+10% HP)
Your spells are a little harder to cast, but a little more powerful.


Message History

The alligator is struck by your cactus giant's spines.
The alligator dies!
Your cactus giant closely misses the spriggan druid.
Unknown command.
You slash the spriggan druid!
The spriggan druid looks as sick as possible!
The spriggan druid is severely wounded.
A root smacks the spriggan druid from below!
With its final breath, the spriggan druid offers up its power to the beasts of the wild!
The bunyip seems to grow more fierce.
The spriggan druid dies!
A swamp worm comes into view.
Your lightning spire shoots out a bolt of lightning at the bog body!
The bolt of electricity misses the bog body.
You enter the shallow water.
Found 21 gold pieces.
You feel roots moving beneath the ground.
Your lightning spire shoots out a bolt of lightning at the bog body!
The bolt of electricity hits the bog body!
The bolt of electricity hits the swamp worm.
The swamp worm fires a harpoon shot at you.
The harpoon shot hits you!!
You are yanked forward by the harpoon shot.
The bog body attacks as it pursues you! The bog body barely misses you.
Found a stone staircase leading down.
You slash the bog body!
The bog body is severely damaged.
The trees move their gnarly branches around.
You block the bunyip's attack. The bunyip claws you!!
You block the bunyip's attack. You block the swamp worm's attack.
A swamp worm comes into view.
The bog body closely misses you.
The swamp worm bites you but does no damage.
The bog body touches you but does no damage.
You enter the shallow water.
The swamp worm attacks as it pursues you!
The swamp worm bites you.
The bog body is struck by your cactus giant's spines.
The bog body is destroyed!
You block the bunyip's attack. x2; The bunyip claws you!!!
You die...

~~~~~..~.♣♣ ♣♣.~~...♣♣♣♣
~~.~§?÷~.~♣ .......~~♣~..
~~.§~[...♣♣ ♣~..~........
~~.......♣ ♣♣♣..~~~~~~~~~.
.~~.~~.♣♣♣♣♣♣...~~~~~~~§§.~
.~~.§~.♣ ♣♣~.†~.>~~~~~~~~..
.......♣♣♣.8.....~~~~~~~~..
......~♣~..~.)~~~~~~..~~~..
~~~~§~~♣~~~~.♣~~@~~../~~~..
~~~~~§~♣♣~♣♣..~~Cxw...~~..§
.~~...♣♣♣...♣.~R.....~.~§..
~.....~.~~~.♣♣...~~~~~§§~..
♣♣~...~~§~~♣♣♣♣♣♣.§~~..~~..
♣♣.~.~~~~..♣♣ ♣.~~§...>.. ♣
♣~...~~...~♣ ♣$....~≈♣♣♣
♣♣♣~....~♣..>♣ ♣♣~~§.♣≈≈≈
..~♣♣♣~♣♣♣.§~~♣ ♣~~~≈≈≈≈≈≈


You could see a bunyip (strong), a swamp worm, a friendly lightning spire
(summoned), a friendly dryad (summoned) and a friendly cactus giant (summoned).

Vanquished Creatures
  A fenstrider witch (Swamp:1)
  3 hydras
  An alligator (Swamp:1)
  A centaur warrior (D:13)
  3 death yaks
  A thrashing horror (Lair:5)
  Urug (D:13)
  Sonja (Orc:1)
  A goliath frog (Swamp:1)
  2 manticores
  An ugly thing (Lair:5)
  2 cyclopes
  A black mamba (Lair:2)
  A cane toad (Lair:5)
  A komodo dragon (D:11)
  3 trolls
  A polar bear (Lair:4)
  7 blink frogs
  A raiju (Lair:5)
  4 slime creatures
  A small abomination (Lair:5)
  3 wraiths
  A wyvern (Lair:5)
  15 yaks
  A steam dragon (D:10)
  5 vampire mosquitoes
  A steam dragon (shapeshifter) (Lair:5)
  A chaos spawn (Lair:5)
  An acid dragon (D:13)
  4 water moccasins (Lair:5)
  3 orc warriors (Orc:1)
  6 ogres
  4 centaurs (D:12)
  A kobold brigand (D:10)
  A bullfrog (Lair:3)
  2 gnoll sergeants
  2 glowing shapeshifter simulacra (IceCv)
  A wight (D:9)
  5 killer bees (D:11)
  2 howler monkeys (D:12)
  An electric eel (D:10)
  2 jellies (D:5)
  A hound (D:7)
  An orc priest (D:10)
  A gnoll bouda (D:7)
  An orc wizard (Orc:2)
  3 shapeshifter simulacra (IceCv)
  4 gnolls
  An adder (D:3)
  4 dart slugs
  4 orcs
  A ball python (D:3)
  An endoplasm (D:3)
  2 giant cockroaches
  5 goblins
  4 hobgoblins
  5 jackals
  10 kobolds
  3 quokkas
  4 bats
  2 frilled lizards (D:3)
  7 rats
164 creatures vanquished.

Vanquished Creatures (collateral kills)
  2 azure jellies
  An orc warlord (Orc:1)
  3 quicksilver oozes (IceCv)
  Fannar (D:12)
  Erolcha (D:13)
  A vault guard (D:13)
  A catoblepas (Lair:3)
  3 alligators (Swamp:1)
  A centaur warrior (D:12)
  5 two-headed ogres
  A death knight (D:13)
  2 boulder beetles
  7 death yaks
  Erica (D:11)
  2 thrashing horrors (Lair:5)
  2 skysharks
  A spriggan druid (Swamp:1)
  2 bog bodies (Swamp:1)
  A large abomination (Lair:5)
  An arcanist (D:13)
  2 ugly things
  An orc sorcerer (Orc:1)
  A cyclops (D:9)
  An oklob plant (Lair:1)
  A manticore (D:12)
  2 smoke demons (Lair:5)
  2 ice statues (IceCv)
  10 elephants
  Joseph (D:7)
  6 black mambas
  9 cane toads
  A gargoyle (D:12)
  2 unseen horrors (D:10)
  A kobold demonologist (D:9)
  Maggie (D:7)
  5 komodo dragons
  An efreet (D:13)
  4 rime drakes
  2 trolls
  2 tyrant leeches (Swamp:1)
  2 polar bears (Lair:3)
  A wind drake (shapeshifter) (Lair:5)
  A hornet (D:9)
  26 blink frogs
  13 slime creatures
  35 yaks
  A spriggan (Lair:5)
  A ynoxinul (Lair:5)
  4 wyverns
  2 wargs (D:10)
  4 basilisks
  3 vampire mosquitoes
  2 chaos spawn (Lair:5)
  2 steam dragons
  Menkaure (D:4)
  10 small abominations (Lair:5)
  A swamp worm (Swamp:1)
  3 nagas (Lair:2)
  An acid dragon (D:9)
  3 great orb of eyes simulacra (IceCv)
  16 water moccasins
  9 orc warriors
  5 black bears
  An ice beast (D:6)
  3 sky beasts
  8 ogres
  16 wolves
  5 centaurs
  2 phantoms (D:5)
  A slime creature simulacrum (IceCv)
  A nameless horror (D:7)
  2 kobold brigands
  12 bullfrogs
  A scorpion (D:6)
  2 glowing shapeshifter simulacra (IceCv)
  12 wights
  7 killer bees
  6 howler monkeys
  A bombardier beetle (D:5)
  2 quasits (D:5)
  7 jellies
  3 gnoll boudas
  4 hounds
  10 orc priests
  3 iguanas
  9 orc wizards
  A sleepcap (D:5)
  4 shapeshifter simulacra (IceCv)
  14 gnolls
  3 adders
  A shadow imp (D:7)
  2 white imps
  9 ufetubi
  3 ribbon worms
  2 dart slugs
  54 orcs
  3 endoplasms (D:1)
  A goblin (D:1)
  A hobgoblin (D:2)
  2 jackals (D:1)
  3 ball pythons (D:1)
  A frilled lizard (D:1)
  16 kobolds
  3 rats (D:1)
481 creatures vanquished.

Vanquished Creatures (others)
  An unseen horror (D:12)
  A slime creature (IceCv)
  A vampire mosquito (D:13)
  18 knights
  6 ancestors
  An orc wizard (D:11)
  A white imp (D:5)
  26 blazeheart cores
  2 snaplasher vines
57 creatures vanquished.

Grand Total: 702 creatures vanquished

Notes
Turn   | Place    | Note
-------+----------+-------------------------------------------
     0 | D:1      | ChadusMaximus the Barachi Summoner began the quest for the
                  | Orb.
     0 | D:1      | Reached XP level 1. HP: 13/13 MP: 3/3
   223 | D:1      | Reached skill level 5 in Summonings
   261 | D:1      | Reached XP level 2. HP: 3/19 MP: 1/5
   838 | D:1      | Reached XP level 3. HP: 24/24 MP: 5/7
   925 | D:1      | Learned a level 2 spell: Call Imp
   929 | D:1      | Learned a level 3 spell: Call Canine Familiar
  1073 | D:2      | Found an ancient bone altar of Kikubaaqudgha.
  1229 | D:2      | Found a faded altar of an unknown god.
  1954 | D:3      | Reached skill level 6 in Summonings
  1954 | D:3      | Reached XP level 4. HP: 28/30 MP: 0/8
  2657 | D:3      | Found a hide-covered altar of Uskayaw.
  2661 | D:3      | Found a bloodstained altar of Trog.
  2961 | D:4      | Reached XP level 5. HP: 22/35 MP: 3/10
  3237 | D:4      | Reached skill level 7 in Summonings
  3287 | D:4      | Noticed Menkaure
  3635 | D:4      | Identified the +6 chain mail of the Realm of Zot {-Cast
                  | rN++ Dex+5}
  3800 | D:5      | Entered Level 5 of the Dungeon
  4004 | D:5      | Reached XP level 6. HP: 41/41 MP: 4/12
  4224 | D:5      | Reached skill level 8 in Summonings
  4341 | D:5      | Learned a level 4 spell: Summon Lightning Spire
  4392 | D:5      | Reached XP level 7. HP: 42/46 MP: 6/13
  5221 | D:5      | Reached skill level 9 in Summonings
  5291 | D:5      | Reached skill level 5 in Spellcasting
  5685 | D:6      | Reached XP level 8. HP: 37/52 MP: 6/16
  5688 | D:6      | Reached skill level 10 in Summonings
  6097 | D:6      | Reached skill level 11 in Summonings
  7033 | D:4      | Killed Menkaure
  7034 | D:4      | Reached skill level 1 in Shields
  7034 | D:4      | Reached XP level 9. HP: 61/61 MP: 9/19
  7258 | D:7      | Found a staircase to the Ecumenical Temple.
  7327 | Temple   | Entered the Ecumenical Temple
  7495 | Temple   | Became a worshipper of Hepliaklqana the Forgotten
  7808 | D:7      | Noticed Joseph
  7967 | D:7      | Noticed Maggie
  8017 | D:7      | Gained mutation: Your spells are a little harder to cast,
                  | but a little more powerful. [potion of mutation]
  8017 | D:7      | Gained mutation: You are robust. (+10% HP) [potion of
                  | mutation]
  8017 | D:7      | Gained mutation: You are strong-willed. (Will+) [potion of
                  | mutation]
  8071 | D:7      | Found a snail-covered altar of Cheibriados.
  8175 | D:7      | Reached skill level 5 in Fighting
  8412 | D:7      | Killed Joseph
  8596 | D:7      | Killed Maggie
  8847 | D:7      | Reached skill level 5 in Dodging
  9080 | D:8      | Reached XP level 10. HP: 78/86 MP: 10/20
  9135 | D:8      | Reached * piety under Hepliaklqana
  9327 | D:8      | Found a staircase to the Lair.
  9576 | D:8      | Reached skill level 5 in Shields
  9653 | D:8      | Found Waef's Antique Weapon Shoppe.
  9853 | D:8      | Noticed a two-headed ogre
  9868 | D:8      | Killed a two-headed ogre
  9987 | D:8      | Found Iblyeg's CLEARANCE SALE!.
 10310 | D:9      | Noticed a two-headed ogre
 10343 | Lair:1   | Entered Level 1 of the Lair of Beasts
 10365 | Lair:1   | Reached skill level 12 in Summonings
 10546 | Lair:1   | Reached skill level 10 in Fighting
 10591 | Lair:1   | Reached XP level 11. HP: 91/91 MP: 22/22
 10952 | Lair:1   | Noticed an oklob plant
 10969 | Lair:1   | Killed an oklob plant
 11376 | Lair:1   | Reached skill level 13 in Summonings
 11846 | Lair:2   | Reached ** piety under Hepliaklqana
 11939 | Lair:2   | Remembered your ancestor Qinisela as a knight
 12156 | Lair:2   | Reached skill level 14 in Summonings
 12267 | Lair:2   | Reached XP level 12. HP: 99/102 MP: 21/25
 12272 | Lair:2   | Learned a level 4 spell: Summon Blazeheart Golem
 12953 | Lair:2   | Found a runed translucent door.
 12954 | Lair:2   | Found a shimmering altar of Xom.
 12954 | Lair:2   | Noticed Wuvuatt's ghost (journeyman MiBe)
 13317 | Lair:2   | Found a staircase to the Snake Pit.
 13476 | Lair:3   | Noticed a catoblepas
 13490 | Lair:3   | Reached skill level 15 in Summonings
 13509 | Lair:3   | Killed a catoblepas
 13530 | Lair:3   | Reached skill level 10 in Spellcasting
 13817 | Lair:3   | Reached *** piety under Hepliaklqana
 13829 | Lair:3   | Found a staircase to the Swamp.
 14069 | Lair:3   | Reached skill level 16 in Summonings
 14338 | Lair:3   | Noticed a boulder beetle
 14373 | Lair:3   | Killed a boulder beetle
 14375 | Lair:3   | Gained mutation: You can hop long distances. [Barachi
                  | growth]
 14375 | Lair:3   | Reached XP level 13. HP: 97/108 MP: 9/27
 15125 | Lair:4   | Identified the +5 scimitar of Kucromme {venom, rC+}
 15372 | Lair:4   | Reached skill level 17 in Summonings
 15656 | Lair:4   | Noticed an azure jelly
 16058 | Lair:4   | Identified the +2 chain mail of Inquiry {rElec rCorr}
 16121 | Lair:4   | Identified the +4 flail "Afehisir" {elec, rPois}
 16949 | Lair:4   | Killed an azure jelly
 16950 | Lair:4   | Reached skill level 18 in Summonings
 17457 | Lair:5   | Entered Level 5 of the Lair of Beasts
 17526 | Lair:5   | Reached **** piety under Hepliaklqana
 18120 | Lair:5   | Found a staircase to the Slime Pits.
 18121 | Lair:5   | Found a viscous altar of Jiyva.
 18189 | Lair:5   | Reached XP level 14. HP: 60/116 MP: 29/29
 18222 | Lair:5   | Reached skill level 10 in Shields
 19675 | Lair:5   | Got the Collected Works on Tectonic Weather
 19681 | Lair:5   | Learned a level 4 spell: Animate Armour
 20131 | Lair:5   | Found a corrupted altar of Lugonu.
 20131 | Lair:5   | Found a one-way gate to the infinite horrors of the Abyss.
 20958 | D:9      | Found Tawocof's Superior Scales.
 20978 | D:9      | Found a runed translucent door.
 20981 | D:9      | Noticed Brozuf's ghost (journeyman TrSh)
 21016 | D:9      | Identified a scroll of acquirement
 21017 | D:9      | Acquired a book of the Wilderness
 21029 | D:9      | Learned a level 6 spell: Summon Cactus Giant
 21035 | D:9      | Learned a level 5 spell: Summon Forest
 21041 | D:9      | Learned a level 5 spell: Summon Mana Viper
 21428 | D:10     | Entered Level 10 of the Dungeon
 21607 | D:10     | Reached ***** piety under Hepliaklqana
 21878 | D:10     | Found a staircase to the Orcish Mines.
 22285 | D:10     | Found an opulent altar of Gozag.
 22285 | D:10     | Found a glowing golden altar of the Shining One.
 22721 | D:11     | Noticed Erica
 22736 | D:11     | Killed Erica
 23447 | D:12     | Noticed Fannar
 23455 | D:12     | Killed Fannar
 23754 | Orc:1    | Entered Level 1 of the Orcish Mines
 23803 | Orc:2    | Entered Level 2 of the Orcish Mines
 23820 | Orc:1    | Noticed an orc warlord
 23825 | Orc:1    | Reached skill level 10 in Dodging
 23826 | Orc:1    | Reached XP level 15. HP: 109/127 MP: 16/30
 23831 | Orc:1    | Killed an orc warlord
 23836 | Orc:1    | Found a frozen archway.
 23860 | IceCv    | Entered an ice cave
 24322 | IceCv    | Reached skill level 15 in Fighting
 25021 | IceCv    | Found a viscous altar of Jiyva.
 25021 | IceCv    | Noticed an azure jelly
 25029 | IceCv    | Killed an azure jelly
 25203 | IceCv    | Identified the +1 ring mail "Piuquzxe" {Regen+ rCorr Str+2}
 25214 | IceCv    | Identified the +0 ring mail of Googoj {Str+6}
 26217 | Orc:1    | Noticed Sonja
 26222 | Orc:1    | Killed Sonja
 27261 | D:13     | Noticed Erolcha
 27268 | D:13     | Killed Erolcha
 27545 | D:13     | Noticed Urug
 27553 | D:13     | Killed Urug
 28203 | D:13     | Identified the +1 short sword of Qazlal's Displeasure
                  | {flame, rElec Int-4 SInv}
 28212 | D:13     | Found a gate to the Vaults.
 28592 | Swamp:1  | Entered Level 1 of the Swamp
 28811 | Swamp:1  | Noticed a fenstrider witch
 28823 | Swamp:1  | Killed a fenstrider witch
 28825 | Swamp:1  | Reached skill level 19 in Summonings
 29156 | Swamp:1  | Slain by a bunyip

Illustrated notes

Levels and vault maps discovered:
D:1:      dpeg_arrival_round_a, layout_basic
D:2:      layout_basic, basic_altar, chequers_ecumenical_altar_simple_redux
D:3:      layout_basic, minitemple
D:4:      layout_basic, uniq_menkaure
D:5:      layout_loops_corners, serial_demonic, serial_demonic_d,
          serial_demonic_f, serial_demonic_g, serial_demonic_b,
          chequers_mini_garden
D:6:      layout_rooms, nicolae_figureground_pulse
D:7:      minmay_angry_zag, layout_loops_ring, chei_slow_surprise,
          minmay_temple_entry_nine_rooms, serial_bayou_pond_a, uniq_joseph,
          uniq_maggie
D:8:      layout_basic, lair_entry_dummy, serial_shops, nicolae_diamond_shop,
          nicolae_shop_clearance
D:9:      minmay_curly_fans, layout_cave_pools, hellmonk_ghost_happy_afterlife,
          kennysheep_doodads, hellmonk_scale_shop
D:10:     cheibrodos_steamvent, layout_irregular_city,
          nicolae_overflow_two_pavilions, david_orc_1_choice
D:11:     layout_basic, uniq_erica
D:12:     layout_loops_ring, uniq_fannar
D:13:     layout_roguey, david_vaults_5, uniq_urug, uniq_erolcha
Temple:   minmay_crystal_spiral_temple
Lair:1:   layout_small_grid, grunt_megastairs_5
Lair:2:   layout_regular_city, nicolae_snake_entry_squirm, ebering_ghost_xom,
          chequers_serial_rivers_small_3
Lair:3:   layout_small_grid, minmay_swamp_entry_worms, grunt_megastairs_2,
          lemuel_fruit_fields
Lair:4:   layout_loops_ring, serial_rivers, chequers_serial_rivers_small_3,
          chequers_serial_rivers_micro_b, chequers_serial_rivers_small_b,
          chequers_serial_rivers_small_b, chequers_serial_rivers_micro_c,
          nicolae_lair_time_for_slime
Lair:5:   hellmonk_lair_end_abyssal_woods, layout_small_grid, slime_entry_1
Swamp:1:  layout_basic_swamp, lemuel_altar_in_water, swamp_pool_1_2
Orc:1:    layout_caves, portal_ice_cave_entry_pillars_1, uniq_sonja
Orc:2:    st_orc_open, layout_caves, serial_shops, shop, library_closet,
          kennysheep_orc_sif_temple

Skill      XL: |  1  2  3  4  5  6  7  8  9 10 11 12 13 14 15 |
---------------+----------------------------------------------+-----
Summonings     | 5 6 7 8 9 11 12 14 16 18 19 | 19.1
Spellcasting   | 3 4 5 6 7 9 10 11 12 | 12.9
Fighting       | 2 7 10 12 14 15 | 15.6
Shields        | 1 4 5 7 9 11 | 11.6
Dodging        | 5 6 10 11 | 11.1
Stealth        | |  1.7

Action                     |  1- 3 |  4- 6 |  7- 9 | 10-12 | 13-15 || total
---------------------------+-------+-------+-------+-------+-------++-------
  Melee: Unarmed           |     8 |       |       |       |       ||     8
         Club              |    15 |       |       |       |       ||    15
         Short sword       |    15 |       |       |       |       ||    15
         Scimitar          |       |       |       |       |   376 ||   376
   Fire: Sling             |    49 |   123 |    75 |   104 |    17 ||   368
   Cast: Summon Small Mamm |    28 |     6 |    17 |    49 |    28 ||   128
         Call Imp          |     3 |    11 |    36 |    60 |    79 ||   189
         Call Canine Famil |     2 |    15 |    34 |    44 |    63 ||   158
         Summon Lightning  |       |     1 |    26 |    57 |   115 ||   199
         Summon Blazeheart |       |       |       |     5 |    53 ||    58
         Animate Armour    |       |       |       |       |    17 ||    17
         Summon Cactus Gia |       |       |       |       |    25 ||    25
         Summon Forest     |       |       |       |       |    11 ||    11
 Invoke: Ancestor Identity |       |       |       |     1 |       ||     1
         Ancestor Life: Kn |       |       |       |     1 |       ||     1
Ability: Hop               |     1 |     1 |     1 |     2 |     2 ||     7
    Use: Scroll            |       |       |    11 |     2 |    21 ||    34
         Potion            |       |       |     1 |     1 |       ||     2
   Stab: Distracted        |       |       |       |       |     5 ||     5
         Sleeping          |       |       |       |       |     2 ||     2
 Armour: Robe              |    50 |    49 |    81 |       |    41 ||   221
         Steam dragon scal |       |       |       |    83 |   138 ||   221
         Ring mail         |       |       |       |       |   157 ||   157
  Dodge: Dodged            |    67 |    52 |    51 |    71 |   252 ||   493
  Block: Other             |     6 |       |       |       |       ||     6
         Buckler           |     2 |    41 |    63 |    56 |       ||   162
         Reflection        |       |       |     5 |       |    33 ||    38
         Kite shield       |       |       |       |     9 |   629 ||   638
